 Dungeon Crawl Stone Soup version 0.30.1-3-gfc49f6343a (webtiles) character file.

Game seed: 13610473187881048429

299 Bronimir the Insei (level 6, -2/42 HPs)
             Began as a Djinni Transmuter on July 19, 2023.
             Slain by a lemure (8 damage)
             ... led by Pikel
             ... on level 4 of the Dungeon.
             The game lasted 00:12:32 (3357 turns).

Bronimir the Insei (Djinni Transmuter)              Turns: 3357, Time: 00:12:33

Health: -2/42      AC:  5    Str: 11    XL:     6   Next: 63%
Gold:   160        EV: 13    Int: 15    God:
                   SH:  0    Dex: 13

rFire   + +          .
                       - Unarmed
rCold   x . .        (no shield)
rNeg    . . .        a - +1 robe
rPois   ∞            (no helmet)
rElec   .            o - +0 cloak
rCorr   .            i - +0 pair of gloves
SInv    .            (boots unavailable)
Will    .....        (no amulet)
Stlth   +            (no ring)
HPRegen 0.27/turn    (no ring)
MPRegen 0.00/turn

%: infuse magic (-3 HP)
@: flying, very slightly contaminated
A: sickness immunity, fire resistance 2, cold vulnerability 1, float, innate
caster, HP casting, extra vitality 1
a: no special abilities


You were on level 4 of the Dungeon.
You visited 1 branch of the dungeon, and saw 4 of its levels.

You collected 160 gold pieces.

Inventory:

Missiles
 d - 36 stones
Armour
 a - a +1 robe (worn)
 b - a +0 ring mail of fire resistance
 i - a +0 pair of gloves (worn)
 o - a +0 cloak (worn)
Wands
 n - a wand of acid (8)
Scrolls
 h - 2 scrolls of poison
 m - a scroll of magic mapping
Potions
 f - 2 potions of invisibility
 j - 2 potions of curing {unknown}
 l - 2 potions of heal wounds


   Skills:
 + Level 1.2 Fighting
 + Level 1.1 Armour
 * Level 3.7 Dodging
 + Level 0.1 Stealth
 * Level 5.6 Unarmed Combat
 + Level 1.9 Spellcasting
 * Level 1.3 Evocations


You knew the following spells:

 Your Spells              Type           Power      Damage    Failure   Level
a - Beastly Appendage     Tmut           14%        N/A       11%         1
b - Wereblood             Tmut           7%         N/A       16%         2
c - Spider Form           Tmut/Pois      7%         N/A       30%         3
d - Ice Form              Ice/Tmut       7%         N/A       71%         4
e - Kiss of Death         Conj/Necr      28%        2d7       11%         1
f - Lesser Beckoning      Tloc           14%        N/A       16%         2
Your spell library was empty.

Dungeon Overview and Level Annotations

Branches:
Dungeon (4/15)
 Temple: D:4-7

Altars:

Annotations:
D:4 Pikel


Innate Abilities, Weirdness & Mutations

You are immune to sickness and miasma.
You are immune to poison.
Your flesh is very heat resistant. (rF++)
You are vulnerable to cold. (rC-)
You float through the air rather than walking.
You learn spells naturally, not from books.
Your magical power is your life essence.
You have superior vitality. (+4 MHP)


Message History

There is an open door here.
There is a stone staircase leading down here.
You fly downwards.
Pikel shouts!
You hear a shout!
The iguana barely misses you.
A lemure comes into view.
The lemure hits you. x2
There is a stone staircase leading up here.
The lemure shouts!
The iguana closely misses you. The lemure closely misses you.
The lemure hits you!
You fly upwards.
There is a stone staircase leading down here.
Casting: Spider Form (quite dangerous; 30% risk of failure)
Confirm with . or Enter, or press ? or * to list all spells.
Aiming: Kiss of Death (safe; 11% risk of failure)
Press: ? - help, Shift-Dir - straight line, f - lemure
Aim: a lemure (100% to hit)
You miscast Kiss of Death.
You are very lightly contaminated with residual magic.
Nothing appears to happen.
The lemure completely misses you. The iguana closely misses you.
The lemure misses you.
As you read the scroll labelled JIFICI PIWYMYDD, it crumbles to dust.
It is a scroll of enchant armour.
Your +0 robe glows green for a moment.
The lemure hits you. The iguana barely misses you.
The lemure barely misses you.
Okay, then.
You can't go up here!
The lemure closely misses you. The iguana closely misses you.
The lemure closely misses you.
You fly downwards.
Level annotation: Pikel Pikel drinks a potion.
Pikel seems to grow stronger.
Pikel hits you with a +1 whip of freezing!
* * * LOW HITPOINT WARNING * * *
Pikel freezes you.
* * * LOW HITPOINT WARNING * * *
There is a stone staircase leading up here.
The iguana barely misses you. The lemure hits you!
You die...

........#
#........######
#....$....#...##
#..............#
#...............
...............
......5........
#..@K.....#
#.l55#..<#.
####.#### ##
...##..<.#
.........##
..........#
......!...#
.......$..†#
........<....


You could see Pikel (strong), 3 lemures and an iguana.

Vanquished Creatures
  Sigmund (D:3)
  Terence (D:3)
  Robin (D:2)
  3 adders
  2 worms
  A dart slug (D:3)
  An orc (D:3)
  5 bats
  6 endoplasms
  3 giant cockroaches
  12 goblins
  13 hobgoblins
  3 kobolds
  3 quokkas
  3 ball pythons
  5 frilled lizards
  10 rats
73 creatures vanquished.

Notes
Turn   | Place    | Note
-------+----------+-------------------------------------------
     0 | D:1      | Bronimir the Djinni Transmuter began the quest for the Orb.
     0 | D:1      | Bronimir set off with the following spells memorised:
                  | Beastly Appendage, Wereblood, Spider Form, Ice Form.
     0 | D:1      | Reached XP level 1. HP: 17/17 MP: 0/0
   135 | D:1      | Reached XP level 2. HP: 22/22 MP: 0/0
   383 | D:1      | HP: 1/22 [frozen (7)]
   784 | D:2      | Reached XP level 3. HP: 15/27 MP: 0/0
   784 | D:2      | Learned a level 1 spell: Kiss of Death
   947 | D:2      | Reached skill level 4 in Unarmed Combat
  1265 | D:2      | Noticed Robin
  1279 | D:3      | Reached XP level 4. HP: 26/32 MP: 0/0
  1494 | D:2      | Killed Robin
  1861 | D:3      | Noticed Sigmund
  1949 | D:4      | Noticed a lemure
  1950 | D:4      | Noticed a lemure
  2399 | D:3      | Reached XP level 5. HP: 36/37 MP: 0/0
  2399 | D:3      | Learned a level 2 spell: Lesser Beckoning
  2726 | D:3      | Noticed Terence
  2944 | D:3      | Killed Terence
  3087 | D:3      | Killed Sigmund
  3088 | D:3      | Reached skill level 1 in Armour
  3088 | D:3      | Reached skill level 5 in Unarmed Combat
  3088 | D:3      | Reached skill level 1 in Evocations
  3088 | D:3      | Reached XP level 6. HP: 19/42 MP: 0/0
  3350 | D:4      | Noticed Pikel
  3357 | D:4      | Slain by a lemure

Illustrated notes

Levels and vault maps discovered:
D:1:      psy_arrival_conway, layout_basic
D:2:      layout_loops_ring, st_stairs_11, minmay_tetromino_l2, uniq_robin
D:3:      layout_basic, kennysheep_generic_room_6, uniq_sigmund, uniq_terence
D:4:      layout_rooms, nemelex_diamond_rough_becter, serial_shops,
          nicolae_shop_gaudy_bauble, hex_large, grunt_decor_clamped, uniq_pikel

Skill      XL: |  1  2  3  4  5 |
---------------+----------------+-----
Unarmed Combat | 4 5 |  5.6
Dodging        | 3 |  3.7
Armour         | 1 |  1.1
Evocations     | 1 |  1.3
Fighting       | |  1.2
Stealth        | |  0.1
Spellcasting   | |  1.9

Action                     |  1- 3 |  4- 6 || total
---------------------------+-------+-------++-------
  Melee: Unarmed           |   121 |   177 ||   298
         Headbutt          |     7 |     5 ||    12
         Punch             |     4 |     3 ||     7
   Cast: Beastly Appendage |     8 |     8 ||    16
         Wereblood         |       |     2 ||     2
         Spider Form       |       |     2 ||     2
    Use: Potion            |       |     5 ||     5
         Scroll            |       |     5 ||     5
   Stab: Sleeping          |     2 |     1 ||     3
 Armour: Robe              |    38 |    14 ||    52
         Ring mail         |       |    25 ||    25
         Skin              |       |    10 ||    10
  Dodge: Dodged            |    78 |    99 ||   177
